 Dungeon Crawl Stone Soup version 0.28.0-53-g5a82cb258f (webtiles) character file.

Game seed: 9676662686783907701

6022 Asher535 the Destroyer (level 10, -14/69 HPs)
             Began as a Pale Draconian Conjurer on July 26, 2022.
             Was a High Priest of Dithmenos.
             Killed from afar by an orc sorcerer (23 damage)
             ... with a bolt of fire
             ... on level 2 of the Orcish Mines.
             The game lasted 01:30:20 (13025 turns).

Asher535 the Destroyer (Pale Draconian Conjurer)   Turns: 13025, Time: 01:30:21

Health: -14/69     AC:  9    Str:  9    XL:     10   Next: 56%
Magic:  6/23       EV: 17    Int: 26    God:    Dithmenos [*****.]
Gold:   645        SH:  5    Dex: 10    Spells: 9/27 levels left

rFire   . . .      SeeInvis .   l - +8 short sword of Truth {drain, rN+ Will+ Int+3}
rCold   . . .      Faith    .   (no shield)
rNeg    + . .      Spirit   .   (armour unavailable)
rPois   .          Reflect  +   (helmet restricted)
rElec   .          Harm     .   M - +1 cloak
rCorr   .          Rampage  .   (no gloves)
Will    +....                   (no boots)
Stlth   ++++......              Q - amulet of reflection
HPRegen 0.21/turn               k - +4 ring of evasion
MPRegen 0.18/turn               F - ring of wizardry

@: wreathed by umbra
A: breathe steam, AC +7, unfitting armour, cold-blooded, steam resistance
a: Breathe Steam, Renounce Religion, Shadow Step, Shadow Form


You were on level 2 of the Orcish Mines.
You worshipped Dithmenos.
Dithmenos was extremely pleased with you.
You visited 2 branches of the dungeon, and saw 11 of its levels.

You collected 645 gold pieces.

Inventory:

Hand Weapons
 d - a +1 shortbow of flaming
 i - a +4 halberd of freezing
 j - a +1 vorpal battleaxe
 l - the +8 short sword of Truth (weapon) {drain, rN+ Will+ Int+3}
   (You found it on level 2 of the Dungeon)

   A truly terrible weapon, it drains the life of any living foe it strikes.
   Int:       It affects your intelligence (+3).
   rN:        It protects you from negative energy.
   Will:      It increases your willpower.
 q - a +1 vorpal hand axe
 r - a +2 falchion of freezing
 u - a +2 vorpal mace
 v - a +3 short sword
 x - a +0 falchion of holy wrath
 K - a +1 mace of protection
 L - a +2 quarterstaff of chaos
 O - a +2 vampiric dagger
 S - a +2 falchion of electrocution
Missiles
 z - 5 boomerangs
 G - 43 bolts
 R - 160 arrows
 Z - 4 curare-tipped darts
Armour
 y - a +3 ring mail of poison resistance
 M - a +1 cloak (worn)
 X - a scarf of harm
Jewellery
 a - a ring of positive energy
 k - a +4 ring of evasion (left hand)
 o - an amulet of regeneration
 B - a ring of resist corrosion
 F - a ring of wizardry (right hand)
 Q - an amulet of reflection (around neck)
 V - a ring of ice
Wands
 E - a wand of flame (17)
 N - a wand of polymorph (17)
 U - a wand of iceblast (10)
Scrolls
 f - a scroll of blinking {unknown}
 g - 2 scrolls of identify
 p - a scroll of fear
 s - a scroll of enchant armour
 t - a scroll of fog {unknown}
 J - 2 scrolls of amnesia
 W - a scroll of acquirement {unknown}
 Y - a scroll of silence {unknown}
Potions
 b - 2 potions of magic
 c - a potion of curing
 h - a potion of mutation {unknown}
 m - 2 potions of brilliance {unknown}
 n - a potion of flight {unknown}
 w - a potion of resistance
 A - 2 potions of might
 C - a potion of haste
 D - a potion of cancellation {unknown}
 I - a potion of berserk rage {unknown}
 P - a potion of attraction {unknown}
 T - a potion of ambrosia {unknown}
Miscellaneous
 e - a phial of floods


   Skills:
 - Level 0.2 Axes
 + Level 4.9 Dodging
 + Level 5.5 Stealth
 + Level 1.4 Shields
 * Level 9.3 Spellcasting
 * Level 10.6 Conjurations
 + Level 0.7 Hexes
 + Level 0.5 Translocations
 + Level 1.3 Invocations


You had 9 spell levels left.
You knew the following spells:

 Your Spells              Type           Power      Damage    Failure   Level
a - Magic Dart            Conj           100%       1d8       1%          1
b - Dazzling Flash        Conj/Hex       82%        N/A       1%          3
c - Iskenderun's Mystic   Conj/Tloc      41%        2d9       1%          4
d - Searing Ray           Conj           100%       2d8       1%          2
e - Fulminant Prism       Conj/Hex       20%        3d13      1%          4
f - Hailstorm             Conj/Ice       40%        3d10      2%          4

Your spell library contained the following spells:

 Spells                   Type           Power      Damage    Failure   Level
 Animate Skeleton         Necr           24%        N/A       1%          1
 Apportation              Tloc           28%        N/A       1%          1
 Beastly Appendage        Tmut           24%        N/A       1%          1
 Freeze                   Ice            48%        1d7       1%          1
 Slow                     Hex            64%        N/A       1%          1
 Summon Small Mammal      Summ           48%        N/A       1%          1
 Wereblood                Tmut           12%        N/A       3%          2
 Confusing Touch          Hex            16%        N/A       4%          3
 Gell's Gravitas          Tloc           14%        N/A       4%          3
 Teleport Other           Tloc           14%        N/A       4%          3
 Frozen Ramparts          Ice            24%        1d4       6%          3
 Spider Form              Tmut/Pois      12%        N/A       6%          3
 Vampiric Draining        Necr           12%        2d6       6%          3
 Dispersal                Tloc           7%         N/A       91%         6


Dungeon Overview and Level Annotations

Branches:
Dungeon (9/15)             Temple (0/1) D:5            Lair (0/6) D:9
    Orc (2/2) D:9
    Elf: Orc:2

Altars:
Ashenzari
Cheibriados
Dithmenos
Elyvilon
Hepliaklqana
Kikubaaqudgha
Makhleb
Qazlal
Ru
Uskayaw
Vehumet
Wu Jian
Xom
Yredelemnul
The Shining One
Beogh

Shops:
D:5 (

Annotations:
D:6 3 runed translucent doors, MCDelver's ghost, amateur DsGl
D:7 exclusion: statue
Orc:1 Snorg


Innate Abilities, Weirdness & Mutations

You can breathe blasts of scalding, opaque steam.
Your pale cyan-grey scales are hard. (AC +7)
You cannot fit into any form of body armour.
You are cold-blooded and may be slowed by cold attacks.
You are immune to the effects of steam.


Message History

Aim: a sixfirhy (moderately wounded, summoned, umbra, 61% to hit)
The searing ray misses the sixfirhy. (Press . to maintain the ray.)
The sixfirhy hits you.
* * * LOW HITPOINT WARNING * * *
The sixfirhy shocks you!
* * * LOW HITPOINT WARNING * * *
The sixfirhy misses you. x2
The searing ray hits the sixfirhy!
The sixfirhy is heavily wounded.
The sixfirhy hits you but does no damage.
You block the sixfirhy's attack.
The searing ray hits the sixfirhy!
The sixfirhy is severely wounded.
The searing ray hits the sixfirhy!
The sixfirhy is almost dead.
You finish channelling your searing ray.
The sixfirhy hits you but does no damage.
The sixfirhy completely misses you. The sixfirhy misses you.
The sixfirhy hits you but does no damage.
The sixfirhy barely misses you.
Casting: Searing Ray (safe; 1% risk of failure)
Confirm with . or Enter, or press ? or * to list all spells.
Aiming: Searing Ray (safe; 1% risk of failure)
Press: ? - help, Shift-Dir - straight line, f/p - sixfirhy
Aim: a sixfirhy (severely wounded, summoned, umbra, 61% to hit)
The searing ray hits the sixfirhy.
The sixfirhy is almost dead. (Press . to maintain the ray.)
Your shadow mimicks your spell!
The shadow bolt hits the sixfirhy!!
You kill the sixfirhy!
The sixfirhy disappears in a puff of smoke!
You start resting.
An orc sorcerer is nearby!
You start resting.
An orc sorcerer is nearby!
The orc sorcerer gestures at you while chanting.
The bolt of fire hits you!!
You die...

.........#........#
........o#.#......#
.$.........o..._..#
........<.........#
#.............$...#
).................#
..............#..##
............###...#
####..#....## ##@##
# ######### ###


You could see an orc sorcerer.

Vanquished Creatures
  A gargoyle (D:9)
  A komodo dragon (D:9)
  A troll (D:9)
  5 yaks (D:9)
  2 wyverns (D:9)
  A warg (D:9)
  Duvessa (D:7)
  A water moccasin (D:6)
  A sky beast (D:7)
  An ice beast (D:6)
  7 orc warriors
  A necrophage (D:5)
  5 ogres
  A centaur (D:9)
  A phantom (D:4)
  A bullfrog (D:6)
  3 kobold brigands (D:9)
  2 gnoll sergeants (D:9)
  2 scorpions
  Dowan (D:7)
  13 wights
  A howler monkey (D:6)
  3 centaur zombies
  2 bullfrog zombies
  A hound (D:5)
  A jelly (D:5)
  A gnoll shaman (D:6)
  4 orc priests
  2 bullfrog skeletons
  2 centaur skeletons (D:6)
  Crazy Yiuf (D:4)
  2 iguanas (D:5)
  10 orc wizards
  Natasha (thrice) (D:2)
  2 killer bee zombies (D:6)
  A hound skeleton (D:4)
  A howler monkey zombie (D:9)
  Robin (D:2)
  2 howler monkey skeletons
  5 gnolls
  10 adders
  A shadow imp (D:3)
  A white imp (D:6)
  2 ufetubi
  An adder zombie (D:3)
  2 adder skeletons (D:4)
  5 worms
  A dart slug (D:2)
  36 orcs
  5 bats
  7 endoplasms
  2 giant cockroaches (D:2)
  19 goblins
  10 hobgoblins
  2 jackals (D:2)
  3 kobolds
  5 quokkas
  4 ball pythons
  7 frilled lizards
  4 rats
224 creatures vanquished.

Vanquished Creatures (others)
  2 demonic plants (D:1)
  3 fulminant prisms
  27 plants (D:9)
  A withered plant (D:1)
33 creatures vanquished.

Grand Total: 257 creatures vanquished

Notes
Turn   | Place    | Note
-------+----------+-------------------------------------------
     0 | D:1      | Asher535 the Draconian Conjurer began the quest for the
                  | Orb.
     0 | D:1      | Reached XP level 1. HP: 14/14 MP: 3/3
   200 | D:1      | Reached XP level 2. HP: 19/20 MP: 0/5
   430 | D:1      | Found a faded altar of an unknown god.
   548 | D:1      | Prayed at the altar of an unknown god.
   548 | D:1      | Became a worshipper of Dithmenos the Shadowed
   548 | D:1      | Reached * piety under Dithmenos
   966 | D:2      | Noticed Natasha
   978 | D:2      | Noticed a crimson imp
   985 | D:2      | Noticed a crimson imp
   992 | D:2      | Reached XP level 3. HP: 26/26 MP: 2/6
  1003 | D:2      | Killed Natasha
  1041 | D:2      | Identified the +8 short sword of Truth {drain, rN+ Will+
                  | Int+3}
  1110 | D:2      | Reached skill level 5 in Conjurations
  1110 | D:2      | Reached XP level 4. HP: 33/33 MP: 3/7
  1169 | D:2      | Noticed Robin
  1765 | D:3      | Reached ** piety under Dithmenos
  1766 | D:3      | Reached XP level 5. HP: 38/38 MP: 4/9
  1902 | D:3      | Learned a level 3 spell: Dazzling Flash
  1907 | D:3      | Learned a level 4 spell: Iskenderun's Mystic Blast
  2545 | D:2      | Noticed Natasha
  2550 | D:2      | Killed Natasha
  2637 | D:2      | Noticed Natasha
  2644 | D:2      | Killed Natasha
  2718 | D:2      | Reached XP level 6. HP: 45/45 MP: 9/11
  2726 | D:2      | Killed Robin
  2738 | D:2      | Reached *** piety under Dithmenos
  3076 | D:2      | Found an ornate altar of the Wu Jian Council.
  3396 | D:4      | Reached skill level 6 in Conjurations
  3806 | D:4      | Found a stormy altar of Qazlal.
  3943 | D:4      | Found a basalt altar of Yredelemnul.
  4207 | D:4      | Found a runed translucent door.
  4208 | D:4      | Noticed Crazy Yiuf
  4219 | D:4      | Killed Crazy Yiuf
  4295 | D:5      | Entered Level 5 of the Dungeon
  4448 | D:5      | Found a white marble altar of Elyvilon.
  4483 | D:5      | Found Hiniclun's Firing Range.
  4572 | D:5      | Found a staircase to the Ecumenical Temple.
  4641 | D:5      | Your scales start taking on a pale cyan-grey colour.
  4641 | D:5      | Reached XP level 7. HP: 50/50 MP: 9/13
  4641 | D:5      | Gained mutation: You are immune to the effects of steam.
                  | [Pale Draconian growth]
  5954 | D:5      | Learned a level 2 spell: Searing Ray
  5959 | D:5      | Learned a level 4 spell: Fulminant Prism
  5992 | D:5      | Found a sacrificial altar of Ru.
  6074 | D:5      | Found a shimmering altar of Xom.
  6168 | D:5      | Found a hazy altar of Hepliaklqana.
  6178 | D:5      | Reached skill level 5 in Spellcasting
  6178 | D:5      | Reached skill level 7 in Conjurations
  6510 | D:6      | Reached XP level 8. HP: 55/57 MP: 1/16
  6822 | D:6      | Reached skill level 8 in Conjurations
  6907 | D:6      | Noticed MCDelver's ghost (amateur DsGl)
  6984 | D:6      | Reached skill level 1 in Invocations
  7134 | D:6      | Reached **** piety under Dithmenos
  7515 | D:6      | Found a runed translucent gate.
  7515 | D:6      | Found a runed translucent gate.
  7516 | D:6      | Found a runed translucent gate.
  7653 | D:6      | Found a broken altar of Ashenzari.
  8102 | D:7      | Noticed a +0 dagger
  8102 | D:7      | Noticed a +0 hand axe
  8137 | D:7      | Noticed Duvessa
  8138 | D:7      | Noticed Dowan
  8163 | D:7      | Found a hide-covered altar of Uskayaw.
  8176 | D:7      | Killed Duvessa
  8177 | D:7      | Reached XP level 9. HP: 62/62 MP: 10/19
  8260 | D:7      | Killed Dowan
  8317 | D:7      | Reached skill level 9 in Conjurations
  8341 | D:7      | Found a snail-covered altar of Cheibriados.
  8502 | D:7      | Learned a level 4 spell: Hailstorm
  8540 | D:7      | Found a radiant altar of Vehumet.
  8690 | D:7      | Found a burning altar of Makhleb.
  8690 | D:7      | Noticed a cacodemon
  9906 | D:8      | Found an ornate altar of the Wu Jian Council.
 10053 | D:9      | Found a glowing golden altar of the Shining One.
 10323 | D:9      | Found a staircase to the Lair.
 10323 | D:9      | Noticed a komodo dragon
 10377 | D:9      | Noticed a gargoyle
 10543 | D:9      | Found an ancient bone altar of Kikubaaqudgha.
 10625 | D:9      | Killed a gargoyle
 10626 | D:9      | Reached skill level 10 in Conjurations
 10626 | D:9      | Reached XP level 10. HP: 54/69 MP: 14/22
 10768 | D:9      | Reached skill level 5 in Stealth
 11136 | D:9      | Found a staircase to the Orcish Mines.
 11542 | D:9      | Reached skill level 1 in Shields
 11575 | Orc:1    | Entered Level 1 of the Orcish Mines
 11596 | Orc:1    | Reached ***** piety under Dithmenos
 12572 | Orc:2    | Entered Level 2 of the Orcish Mines
 12572 | Orc:2    | Noticed Snorg
 12974 | Orc:2    | Noticed an orc sorcerer
 12990 | Orc:2    | Noticed a sixfirhy
 13025 | Orc:2    | Killed from afar by an orc sorcerer

Illustrated notes

Levels and vault maps discovered:
D:1:      amcnicky_arrival_double_pillar, layout_rooms,
          shapermc_ecumenical_altar_gd
D:2:      layout_rooms, serial_glass, glass_columns_b, glass_columns_c,
          due_unseen_surprise, item_on_display_a, minmay_strange_pillars,
          basic_altar, uniq_natasha, uniq_robin
D:3:      layout_loops_ring, grunt_decor_one_mirror
D:4:      layout_cave_pools, mainiacjoe_overflow_six_doors_small,
          mainiacjoe_overflow_brackets, abandoned_shop, uniq_crazy_yiuf_cottage
D:5:      kennysheep_six_static_rooms, layout_loops_ring,
          mainiacjoe_overflow_paths, old_standard_altar,
          worldfamousw_hep_ancestral_shrine, lemuel_tele_altar,
          minmay_temple_entry_nine_rooms, nicolae_shop_firing_range
D:6:      layout_cave_pools, mainiacjoe_overflow_alcove_4, gammafunk_ghost_split
D:7:      layout_basic, kennysheep_mini_moat, vehumet_statue,
          dancing_weapons_uskayaw, makhleb_altar_promises_db,
          hangedman_decor_growths, uniq_duvessa
D:8:      layout_loops_cross, kennysheep_little_box
D:9:      layout_roguey, nicolae_kikubaaqudgha_miasma_corner,
          lemuel_coloured_pillars_altar, nicolae_tso_carved_into_rock,
          david_lair_shrubbed, kennysheep_orc_monster_closet_entryway
Orc:1:    layout_diamond_mine
Orc:2:    st_orc_ogre_mass, layout_caves, basic_altar, serial_shops, shop,
          uniq_snorg

Skill      XL: |  1  2  3  4  5  6  7  8  9 10 |
---------------+-------------------------------+-----
Stealth        | 2 3 4 5 |  5.5
Dodging        | 2 3 4 |  4.9
Conjurations   | 5 6 7 8 10 | 10.6
Spellcasting   | 3 4 5 6 8 9 |  9.3
Invocations    | 1 |  1.3
Shields        | 1 |  1.4
Axes           | |  0.2
Hexes          | |  0.7
Translocations | |  0.5

Action                   |  1- 3 |  4- 6 |  7- 9 | 10-12 || total
-------------------------+-------+-------+-------+-------++-------
Melee: Spear             |    12 |       |       |       ||    12
       Hand axe          |     8 |       |       |       ||     8
       Tailslap          |     6 |     5 |     9 |     4 ||    24
       Punch             |     1 |       |     1 |       ||     2
       Short sword       |     5 |    51 |    82 |    38 ||   176
 Cast: Magic Dart        |    51 |   157 |   106 |    28 ||   342
       Dazzling Flash    |       |     1 |     2 |       ||     3
       Searing Ray       |       |       |    25 |    21 ||    46
       Iskenderun's Myst |       |       |     4 |     3 ||     7
       Fulminant Prism   |       |       |     2 |     1 ||     3
       Hailstorm         |       |       |     2 |     1 ||     3
Invok: Shadow Step       |       |       |     1 |       ||     1
 Abil: Breathe Steam     |       |       |    17 |       ||    17
  Use: Potion            |     1 |       |       |     2 ||     3
       Scroll            |     2 |     2 |     6 |     2 ||    12
 Stab: Sleeping          |       |     2 |     6 |       ||     8
Armor: Skin              |    13 |    22 |    34 |    19 ||    88
Dodge: Dodged            |    59 |    90 |   184 |    98 ||   431
Block: Other             |       |       |       |    39 ||    39
